 Dungeon Crawl Stone Soup version 0.17.0-26-gececa24 (webtiles) character file.

101 Gravenous the Grave Robber (level 4, 0/24 HPs)
             Began as a Tengu Necromancer on Nov 20, 2015.
             Slain by an orc
             ... wielding a +0 short sword
              (7 damage)
             ... on level 2 of the Dungeon.
             The game lasted 00:04:08 (3129 turns).

Gravenous the Grave Robber (Tengu Necromancer)      Turns: 3129, Time: 00:04:08

Health: 0/24       AC:  2    Str:  6    XL:     4   Next: 75%
Magic:  0/8        EV: 12    Int: 15    God:
Gold:   85         SH:  3    Dex: 16    Spells: 2 memorised, 4 levels left

rFire  . . .     SeeInvis .     g - +0 dagger
rCold  . . .     Clarity  .     a - +0 robe
rNeg   . . .     SustAt   .     f - +0 buckler
rPois  .         Gourm    .     (helmet restricted)
rElec  .         Spirit   .     (no cloak)
rCorr  .         Warding  .     (no gloves)
rMut   .         Stasis   .     (boots unavailable)
MR     .....                    q - amulet of faith
Stlth  +.........               j - -2 ring of strength (curse)
                                d - ring of loudness (curse)

@: very slightly contaminated, not resistant to hostile enchantments, very
unstealthy
A: beak, talons 3
a: no special abilities


You were on level 2 of the Dungeon.
You were very hungry.

You visited 1 branch of the dungeon, and saw 3 of its levels.

You collected 85 gold pieces.

Inventory:

Hand Weapons
 g - a +0 dagger (weapon)
Armour
 a - a +0 robe (worn)
 f - a +0 buckler (worn)
Jewellery
 d - a cursed ring of loudness (left hand)
 i - an uncursed ring of protection from magic {unknown}
 j - a cursed -2 ring of strength (right hand)
 q - an amulet of faith (around neck)
Wands
 n - a wand of digging (7)
Scrolls
 e - 2 scrolls of identify {unknown}
 k - a scroll of fog {unknown}
 m - a scroll of noise {unknown}
 o - 2 scrolls of teleportation {unknown}
 r - 2 scrolls of remove curse {unknown}
Potions
 h - a potion of curing {unknown}
 p - a potion of heal wounds {unknown}
 s - a potion of beneficial mutation {unknown}
 u - a potion of brilliance {unknown}
Books
 b - a book of Necromancy

   Spells                             Type                      Level
   a - Pain                           Necromancy                   1
   b - Animate Skeleton               Necromancy                   1
   c - Vampiric Draining              Necromancy                   3
   d - Regeneration                   Charms/Necromancy            3
   e - Animate Dead                   Necromancy                   4
   f - Control Undead                 Necromancy                   4
Comestibles
 c - a bread ration
 l - 3 fruits
 t - a beef jerky


   Skills:
 - Level 2.1 Dodging
 + Level 3.4 Stealth
 + Level 2.5 Spellcasting
 * Level 5.5 Necromancy


You had 4 spell levels left.
You knew the following spells:

 Your Spells              Type           Power        Failure   Level  Hunger
a - Pain                  Necr           ###.         4%          1    #......
b - Vampiric Draining     Necr           ###.......   12%         3    ###....


Dungeon Overview and Level Annotations

Branches:
Dungeon (3/15)

Altars:
Ashenzari

Annotations:
D:3 BiggieSmalls's ghost, weakling DsAK


Innate Abilities, Weirdness & Mutations

You have a beak for a mouth.
You have claws for feet.


Message History

Unknown command.
You hit the orc but do no damage. The orc misses you.
Casting: Pain
Confirm with . or Enter, or press ? or * to list all spells.
You don't have enough magic to cast that spell.
Unknown command.
Unknown command.
Casting: Pain
Confirm with . or Enter, or press ? or * to list all spells.
Aiming: Pain
Press: ? - help, Shift-Dir - straight line, f - orc
Aim: an orc, wielding a short sword and wearing a scale mail (chance to defeat MR: 94%)
The orc convulses in agony!
The orc barely misses you.
Casting: Pain
Confirm with . or Enter, or press ? or * to list all spells.
Aiming: Pain
Press: ? - help, Shift-Dir - straight line, f/p - orc
Aim: an orc, wielding a short sword and wearing a scale mail (severely wounded, chance to defeat MR: 94%)
The orc convulses in agony!
The orc hits you with a short sword!
You die...

#.#.#..... #######
#.#.#.#... #.....#
#.#.#.#..# #.###.#
#.#.#....# #.# #.#
#.#......# #.#
#.###.###.####
###########.###..........⌠..
#.........#o............#...
#.#######.#@.........#####..
#.# #.#.##..####.....#.. #.#
#.#.###.# #.#...'.. #.#
###.#.###.# #.....#.) #.#
#.......#.## #.#####.. #.#
#.......#..# #........
#.#####.......##.####...#⌠..
#.#...+.......##.#.......###
#.#.###.......##.#.........#


You could see an orc.

Vanquished Creatures
  An orc priest (D:3)
  2 adders (D:2)
  2 giant geckos
  6 orcs (D:3)
  9 bats
  2 giant cockroaches
  4 hobgoblins
  A quokka (D:2)
  4 giant newts
  5 goblins
  5 kobolds
  4 rats
45 creatures vanquished.

Notes
Turn   | Place    | Note
--------------------------------------------------------------
     0 | D:1      | Gravenous the Tengu Necromancer began the quest for the Orb.
     0 | D:1      | Reached XP level 1. HP: 10/10 MP: 4/4
   517 | D:1      | Reached XP level 2. HP: 7/15 MP: 1/6
   976 | D:2      | Found a shattered altar of Ashenzari.
  1497 | D:2      | Reached XP level 3. HP: 2/19 MP: 0/7
  1602 | D:2      | Learned a level 3 spell: Vampiric Draining
  1767 | D:2      | Reached skill level 5 in Necromancy
  2557 | D:3      | Reached XP level 4. HP: 15/24 MP: 1/8
  3058 | D:3      | Noticed BiggieSmalls's ghost (weakling DsAK)
  3129 | D:2      | Slain by an orc

Action                   |  1- 3 |  4- 6 || total
-------------------------+-------+-------++-------
Melee: Dagger            |    27 |     8 ||    35
 Cast: Pain              |    57 |    23 ||    80
       Vampiric Draining |     1 |     2 ||     3
  Use: Potion            |     2 |       ||     2
  Eat: Chunk             |     6 |     1 ||     7
